 Dungeon Crawl Stone Soup version 0.21.1-1-g345015fe64 (webtiles) character file.

25834 Peloso the Carver (level 12, 0/96 HPs)
             Began as a Demonspawn Fighter on Apr 1, 2018.
             Was a High Priest of Okawaru.
             Slain by Rupert
             ... wielding a +2 battleaxe of chopping
              (21 damage)
             ... on level 13 of the Dungeon.
             The game lasted 00:52:27 (17779 turns).

Peloso the Carver (Demonspawn Fighter)             Turns: 17779, Time: 00:52:27

Health: 0/96       AC: 30    Str: 25    XL:     12   Next: 93%
Magic:  12/12      EV:  7    Int: 11    God:    Okawaru [*****.]
Gold:   794        SH: 12    Dex: 10    Spells: 11/11 levels left

rFire    . . .     SeeInvis +   Y - +6 falchion of the Equator {protect, SInv}
rCold    + + .     Gourm    .   R - +1 shield of the Vestibule of Hell {+Fly rPois}
rNeg     . . .     Faith    .   B - +1 plate armour {rC+}
rPois    +         Spirit   .   U - +2 hat
rElec    .         Reflect  .   z - +2 cloak {+Inv}
rCorr    .         Harm     .   (no gloves)
MR       .....                  u - +1 pair of boots {run}
Stlth    ..........             v - amulet of magic regeneration
HPRegen  0.26/turn              q - ring of poison resistance
MPRegen  0.38/turn              S - ring "Baisurax" {rPois Str+5 Dex-3 SInv Stlth+}

@: protection aura, heavily drained, quick
A: hooves 2, molten scales 2, cold resistance 1, spiny 2
a: Heroism, Finesse, Renounce Religion, Evoke Invisibility, Evoke Flight


You were on level 13 of the Dungeon.
You worshipped Okawaru.
Okawaru was extremely pleased with you.
You were near starving.

You visited 3 branches of the dungeon, and saw 15 of its levels.
You also visited: Labyrinth and Ossuary.

You collected 794 gold pieces.

Inventory:

Hand Weapons
 a - a +5 long sword
 Y - the +6 falchion of the Equator (weapon) {protect, SInv}
   (You found it on level 1 of the Lair of Beasts)

   It protects the one who uses it against injury (+AC on strike).
   It lets you see invisible.
Armour
 u - a +1 pair of boots of running (worn)
 z - a +2 cloak of invisibility (worn)
 B - a +1 plate armour of cold resistance (worn)
 J - the +1 ring mail "Veladat" {rElec rPois Slay+3}
   (You found it on level 6 of the Dungeon)

   It affects your accuracy and damage with ranged weapons and melee attacks
   (+3).
   It insulates you from electricity.
   It protects you from poison.
 R - the +1 shield of the Vestibule of Hell (worn) {+Fly rPois}
   (Okawaru gifted it to you on level 13 of the Dungeon)

   It protects you from poison.
   It lets you fly.
 U - a +2 hat (worn)
Jewellery
 c - the ring "Ikhli" {*Drain rElec rF+ Int+8 Dex-5}
   (You took it off a minotaur in a labyrinth)

   [ring of protection from fire]

   It affects your intelligence (+8).
   It affects your dexterity (-5).
   It protects you from fire.
   It insulates you from electricity.
   It causes draining when unequipped.
 q - a ring of poison resistance (left hand)
 v - an amulet of magic regeneration (around neck)
 x - an uncursed ring of magical power
 G - an uncursed ring of stealth
 N - an uncursed ring of protection from fire {unknown}
 Q - an uncursed ring of resist corrosion {unknown}
 S - the ring "Baisurax" (right hand) {rPois Str+5 Dex-3 SInv Stlth+}
   (You found it in a labyrinth)

   [ring of see invisible]

   It affects your strength (+5).
   It affects your dexterity (-3).
   It protects you from poison.
   It lets you see invisible.
   It makes you more stealthy.
Wands
 o - a wand of disintegration (16)
 r - a wand of acid (7)
 y - a wand of digging (40)
 A - a wand of flame (27)
 P - a wand of iceblast (12)
 V - a wand of clouds (6)
 W - a wand of paralysis (12)
Scrolls
 b - a scroll of enchant armour
 e - 5 scrolls of teleportation
 i - a scroll of enchant weapon
 j - 2 scrolls of remove curse
 l - 2 scrolls of magic mapping
 w - 2 scrolls of fog
 E - 3 scrolls of identify
 H - a scroll of blinking {unknown}
 I - a scroll of fear {unknown}
 T - a scroll of immolation {unknown}
Potions
 d - a potion of might
 g - 3 potions of invisibility
 h - 5 potions of mutation
 k - 2 potions of resistance
 n - 5 potions of agility
 p - 8 potions of haste
 s - 4 potions of flight
 t - 4 potions of ambrosia
 D - 5 potions of brilliance
 F - 2 potions of magic
 O - 2 potions of curing
Books
 m - a book of Callings

   Spells                             Type                      Level
   a - Summon Small Mammal            Summoning                    1
   b - Call Imp                       Summoning                    2
   c - Call Canine Familiar           Summoning                    3
   d - Summon Guardian Golem          Hexes/Summoning              3
   e - Summon Lightning Spire         Summoning/Air                4
   f - Summon Ice Beast               Ice/Summoning                4
 C - a book of Cantrips

   Spells                             Type                      Level
   a - Confusing Touch                Hexes                        1
   b - Animate Skeleton               Necromancy                   1
   c - Summon Small Mammal            Summoning                    1
   d - Apportation                    Translocation                1
 K - a book of Air

   Spells                             Type                      Level
   a - Shock                          Conjuration/Air              1
   b - Swiftness                      Charms/Air                   2
   c - Static Discharge               Conjuration/Air              3
   d - Airstrike                      Air                          4
   e - Lightning Bolt                 Conjuration/Air              5
 L - a book of Callings

   Spells                             Type                      Level
   a - Summon Small Mammal            Summoning                    1
   b - Call Imp                       Summoning                    2
   c - Call Canine Familiar           Summoning                    3
   d - Summon Guardian Golem          Hexes/Summoning              3
   e - Summon Lightning Spire         Summoning/Air                4
   f - Summon Ice Beast               Ice/Summoning                4
 M - a book of Misfortune

   Spells                             Type                      Level
   a - Confusing Touch                Hexes                        1
   b - Confuse                        Hexes                        3
   c - Gell's Gravitas                Translocation                3
   d - Petrify                        Transmutation/Earth          4
   e - Metabolic Englaciation         Hexes/Ice                    5
   f - Yara's Violent Unravelling     Hexes/Transmutation          5
 Z - a book of Minor Magic

   Spells                             Type                      Level
   a - Magic Dart                     Conjuration                  1
   b - Blink                          Translocation                2
   c - Call Imp                       Summoning                    2
   d - Slow                           Hexes                        2
   e - Conjure Flame                  Conjuration/Fire             3
   f - Mephitic Cloud                 Conjuration/Poison/Air       3
Comestibles
 f - 21 rations


   Skills:
 + Level 9.5(7.5) Fighting
 + Level 12.4(10.3) Long Blades
 + Level 7.2(5.4) Armour
 + Level 6.8(4.9) Dodging
 + Level 4.1(2.4) Stealth
 + Level 9.4(7.4) Shields
 + Level 0.8(0.0) Unarmed Combat
 + Level 0.8(0.0) Invocations
 + Level 0.5(0.0) Evocations


You had 11 spell levels left.
You didn't know any spells.

Dungeon Overview and Level Annotations

Branches:
Dungeon (13/15)            Temple (1/1) D:7            Lair (1/6) D:11
    Orc (0/2) D:10
 Vaults: D:13-14

Altars:
Ashenzari
Cheibriados
Dithmenos
Fedhas
Gozag
Hepliaklqana
Kikubaaqudgha
Nemelex Xobeh
Okawaru
Qazlal
Ru
Sif Muna
Trog
Uskayaw
Vehumet
Wu Jian
Xom
Yredelemnul
Zin

Shops:
D:6 :

Annotations:
D:13 Josephine, Rupert


Innate Abilities, Weirdness & Mutations

You have hoof-like feet.
You are mostly covered in molten scales. (AC +3)
Your flesh is cold resistant. (rC+)
You are mostly covered in sharp spines.


Message History

Rupert is almost dead.
Rupert is struck by your spines.
Rupert hits you with a battleaxe of chopping!!
* * * LOW HITPOINT WARNING * * *
x2 You hit Rupert.
Rupert is almost dead.
Rupert is struck by your spines.
Rupert hits you with a battleaxe of chopping.
* * * LOW HITPOINT WARNING * * *
x2 You hit Rupert.
Rupert is almost dead.
Rupert hits you with a battleaxe of chopping.
* * * LOW HITPOINT WARNING * * *
x2 You slash Rupert!
Rupert is almost dead.
Rupert barely misses you.
You hit Rupert.
Rupert is almost dead.
Rupert hits you with a battleaxe of chopping!!
You die...

*** #####****####### *,*
#...,,,,,,.....# *,*
#..#*******#...# *,* #..#
#...#
*.#######..#########...##
*$...................<[..
*......@@................
*########................
#......∩.........
#................
#................
********#...>............
*,,,,,...................
*,,,,............########
*****##########..#


You could see Rupert (berserk).

Vanquished Creatures
  Gastronok (D:11)
  A minotaur (Lab)
  Harold (D:10)
  4 two-headed ogres
  The ghost of Gargoyl the Chopper, a novice CeAK of Lugonu (D:7)
  Pikel (D:5)
  2 ugly things
  A manticore (D:12)
  Maurice (D:8)
  Joseph (D:8)
  The ghost of Vandergrift the Shield-Bearer, a novice DDFi of Makhleb (D:5)
  A black mamba (Lair:1)
  Psyche (D:8)
  2 spiny frogs (Lair:1)
  A kobold demonologist (D:13)
  2 trolls
  4 slime creatures
  2 hippogriffs
  A meliai zombie (D:12)
  A spriggan (D:7)
  A wraith (D:13)
  15 yaks
  A vampire (D:12)
  4 wyverns
  2 shadows
  A hungry ghost (D:10)
  Grum (D:8)
  A basilisk (D:11)
  6 vampire mosquitoes
  A soldier ant (D:13)
  3 water moccasins
  A porcupine (Lair:1)
  2 ice beasts (D:7)
  4 orc warriors
  4 black bears
  3 sky beasts
  A necrophage (D:5)
  6 phantoms
  2 ogres
  4 wolves (D:8)
  7 centaurs
  3 eyes of draining
  7 crocodiles
  2 elf zombies (Ossuary)
  4 big kobolds
  Blork the orc (D:5)
  6 bullfrogs
  A wyvern zombie (D:12)
  Dowan (D:5)
  6 scorpions
  A troll zombie (D:10)
  11 wights
  A howler monkey (D:7)
  A bullfrog zombie (D:11)
  4 crimson imps
  4 centaur zombies
  A human zombie (Ossuary)
  8 orc priests
  3 bullfrog skeletons
  3 centaur skeletons
  6 hounds
  2 jellies
  Crazy Yiuf (D:3)
  Jessica (D:2)
  9 iguanas
  Ijyb (D:4)
  17 orc wizards
  11 worker ants
  A killer bee zombie (D:7)
  A big kobold zombie (Ossuary)
  5 ogre zombies (D:10)
  2 hound skeletons (D:7)
  2 mummies (Ossuary)
  2 worker ant zombies
  6 gnolls (D:2)
  21 adders
  3 shadow imps
  An ooze (D:3)
  2 adder zombies
  2 adder skeletons
  A worm (D:2)
  4 dart slugs
  A leopard gecko (D:3)
  47 orcs
  2 ball pythons (D:3)
  7 giant cockroaches
  7 goblins
  12 hobgoblins
  7 jackals
  4 quokkas
  6 bats
  8 frilled lizards
  A goblin skeleton (D:10)
  7 goblin zombies
  3 hobgoblin skeletons (D:10)
  12 hobgoblin zombies
  2 jackal zombies (Ossuary)
  20 kobolds
  10 kobold zombies (Ossuary)
  A leopard gecko skeleton (D:6)
  2 leopard gecko zombies
  15 orc zombies
  3 quokka skeletons
  11 rats
  A rat zombie (Ossuary)
458 creatures vanquished.

Vanquished Creatures (others)
  Duvessa (D:5)
  A slave (D:5)
2 creatures vanquished.

Grand Total: 460 creatures vanquished

Notes
Turn   | Place    | Note
-------+----------+-------------------------------------------
     0 | D:1      | Peloso the Demonspawn Fighter began the quest for the Orb.
     0 | D:1      | Reached XP level 1. HP: 18/18 MP: 1/1
   102 | D:1      | Gained mutation: You are partially covered in molten scales. (AC +2) [demonic ancestry]
   102 | D:1      | Reached XP level 2. HP: 23/24 MP: 2/2
   286 | D:1      | Reached skill level 2 in Long Blades
   626 | D:2      | Gained mutation: You are partially covered in sharp spines. [demonic ancestry]
   626 | D:2      | Reached XP level 3. HP: 16/29 MP: 3/3
   761 | D:2      | Reached XP level 4. HP: 25/35 MP: 4/4
   848 | D:2      | Noticed Jessica
   854 | D:2      | Killed Jessica
   854 | D:2      | Reached skill level 3 in Long Blades
  1007 | D:2      | Gained mutation: You have large cloven feet. [demonic ancestry]
  1007 | D:2      | Reached XP level 5. HP: 42/42 MP: 5/5
  1595 | D:3      | Reached skill level 4 in Long Blades
  1620 | D:3      | Reached XP level 6. HP: 15/48 MP: 6/6
  2070 | D:3      | Found a shadowy altar of Dithmenos.
  2401 | D:3      | Found a runed door.
  2537 | D:3      | Noticed Crazy Yiuf
  2543 | D:3      | Killed Crazy Yiuf
  2763 | D:4      | Noticed a sky beast
  2773 | D:4      | Killed a sky beast
  2773 | D:4      | Reached skill level 5 in Long Blades
  2773 | D:4      | Reached skill level 1 in Dodging
  2773 | D:4      | Reached XP level 7. HP: 37/54 MP: 7/7
  2847 | D:4      | Noticed Ijyb
  2861 | D:4      | Killed Ijyb
  3724 | D:5      | Entered Level 5 of the Dungeon
  4083 | D:5      | Noticed Pikel
  4112 | D:5      | Killed Pikel
  4112 | D:5      | Reached skill level 5 in Fighting
  4112 | D:5      | Reached skill level 6 in Long Blades
  4112 | D:5      | Reached skill level 5 in Shields
  4112 | D:5      | Gained mutation: You are mostly covered in molten scales. (AC +3) [demonic ancestry]
  4112 | D:5      | Reached XP level 8. HP: 18/62 MP: 8/8
  4350 | D:5      | Killed Duvessa
  4355 | D:5      | Noticed Blork the orc
  4362 | D:5      | Killed Blork the orc
  4364 | D:5      | Noticed Dowan
  4379 | D:5      | Killed Dowan
  4562 | D:5      | Noticed Vandergrift's ghost (novice DDFi)
  4825 | D:6      | Reached skill level 1 in Stealth
  4859 | D:6      | Reached skill level 7 in Long Blades
  4938 | D:6      | Found a sand-covered staircase.
  4945 | Ossuary  | Entered an ossuary
  5260 | Ossuary  | Gained mutation: You have hoof-like feet. [demonic ancestry]
  5260 | Ossuary  | Reached XP level 9. HP: 66/68 MP: 9/9
  5367 | D:6      | Found Igafaur's Book Shoppe.
  6013 | D:6      | Got a twisted ring mail
  6024 | D:6      | Identified the cursed +1 ring mail "Veladat" {rElec rPois Slay+3} (You found it on level 6 of the Dungeon)
  6303 | D:7      | Found a staircase to the Ecumenical Temple.
  6309 | D:7      | Reached skill level 5 in Armour
  6323 | Temple   | Entered the Ecumenical Temple
  6469 | Temple   | Became a worshipper of Warmaster Okawaru
  6555 | D:7      | Reached skill level 8 in Long Blades
  6816 | D:7      | Noticed Gargoyl's ghost (novice CeAK)
  6835 | D:7      | Killed Gargoyl's ghost
  6842 | D:7      | Reached * piety under Okawaru
  6842 | D:7      | Reached skill level 9 in Long Blades
  6941 | D:7      | Reached XP level 10. HP: 77/77 MP: 10/10
  7280 | D:5      | Killed Vandergrift's ghost
  8671 | D:8      | Noticed Joseph
  8682 | D:8      | Killed Joseph
  8682 | D:8      | Reached ** piety under Okawaru
  8837 | D:8      | Noticed Maurice
  8970 | D:8      | Found a sacrificial altar of Ru.
  9026 | D:8      | Noticed Grum
  9054 | D:8      | Killed Grum
  9428 | D:8      | Noticed Psyche
  9432 | D:8      | Killed Psyche
  9703 | D:9      | Reached skill level 10 in Long Blades
  9727 | D:9      | Reached *** piety under Okawaru
 10417 | D:9      | Noticed a two-headed ogre
 10425 | D:9      | Killed a two-headed ogre
 10503 | D:9      | Gained mutation: You are mostly covered in sharp spines. [demonic ancestry]
 10503 | D:9      | Reached XP level 11. HP: 56/84 MP: 11/11
 10570 | D:8      | Reached **** piety under Okawaru
 11541 | D:10     | Entered Level 10 of the Dungeon
 11592 | D:10     | Noticed Harold
 11621 | D:10     | Killed Harold
 11931 | D:10     | Reached skill level 5 in Dodging
 11951 | D:10     | Found a staircase to the Orcish Mines.
 12182 | D:10     | Noticed a two-headed ogre
 12209 | D:10     | Killed a two-headed ogre
 12676 | D:11     | Reached ***** piety under Okawaru
 12682 | D:11     | Reached skill level 11 in Long Blades
 12683 | D:11     | Found a staircase to the Lair.
 13021 | D:11     | Paralysed by something for 5 turns
 13085 | D:11     | Noticed a two-headed ogre
 13092 | D:11     | Killed a two-headed ogre
 13110 | D:11     | Gained mutation: Your flesh is cold resistant. (rC+) [demonic ancestry]
 13110 | D:11     | Reached XP level 12. HP: 62/94 MP: 12/12
 13134 | D:11     | Noticed Gastronok
 13264 | D:11     | Killed Gastronok
 13264 | D:11     | Received a gift from Okawaru
 14380 | D:8      | Killed Maurice
 14481 | Lair:1   | Entered Level 1 of the Lair of Beasts
 14691 | Lair:1   | Noticed a four-headed hydra
 14755 | Lair:1   | Got a crude falchion
 14769 | Lair:1   | Identified the +6 falchion of the Equator {protect, SInv} (You found it on level 1 of the Lair of Beasts)
 14998 | D:12     | Received a gift from Okawaru
 15251 | D:12     | Reached skill level 12 in Long Blades
 15312 | D:12     | Noticed a two-headed ogre
 15320 | D:12     | Killed a two-headed ogre
 15354 | D:12     | HP: 1/95 [very large slime creature (23)]
 15430 | D:11     | HP: 2/95 [large slime creature (6)]
 15522 | D:11     | HP: 3/95 [slime creature (12)]
 16296 | D:13     | Reached ****** piety under Okawaru
 16320 | D:13     | Noticed Josephine
 16339 | D:13     | Received a gift from Okawaru
 16342 | D:13     | Got a crude shield {god gift}
 16353 | D:13     | Identified the +1 shield of the Vestibule of Hell {+Fly rPois} (Okawaru gifted it to you on level 13 of the Dungeon)
 16381 | D:13     | Found a labyrinth entrance.
 16390 | Lab      | Entered a labyrinth
 17042 | Lab      | Noticed a minotaur
 17065 | Lab      | Killed a minotaur
 17126 | Lab      | Got a bound golden ring
 17146 | Lab      | Identified the ring "Ikhli" {*Drain rElec rF+ Int+8 Dex-5} (You took it off a minotaur in a labyrinth)
 17173 | Lab      | Got a vibrating marble ring
 17239 | Lab      | Identified the ring "Baisurax" {rPois Str+5 Dex-3 SInv Stlth+} (You found it in a labyrinth)
 17730 | Lab      | Identified a +1 pair of boots of running (You found it in a labyrinth)
 17738 | D:13     | Noticed Rupert
 17779 | D:13     | Slain by Rupert

Skill      XL: |  1  2  3  4  5  6  7  8  9 10 11 12 |
---------------+-------------------------------------+-----
Long Blades    | 2 3 4 5 6 7 9 10 11 12 | 12.4
Shields        | 3 4 5 6 7 8 9 |  9.4
Armour         | 3 4 5 6 7 |  7.2
Fighting       | 4 5 6 7 8 9 |  9.5
Dodging        | 1 2 3 4 5 6 |  6.8
Stealth        | 1 2 3 4 |  4.1
Unarmed Combat | |  0.8
Invocations    | |  0.8
Evocations     | |  0.5

Action                   |  1- 3 |  4- 6 |  7- 9 | 10-12 || total
-------------------------+-------+-------+-------+-------++-------
Melee: Long sword        |    78 |   183 |   427 |   376 ||  1064
       Kick              |       |     8 |       |       ||     8
       Falchion          |       |       |       |   521 ||   521
       Unarmed           |       |       |       |    22 ||    22
Invok: Heroism           |       |       |       |     8 ||     8
Evoke: Wand              |       |       |       |     9 ||     9
  Use: Scroll            |       |     6 |     4 |    18 ||    28
       Potion            |       |       |       |     3 ||     3
 Stab: Sleeping          |       |       |       |    12 ||    12
       Paralysed         |       |       |       |     2 ||     2
       Distracted        |       |       |       |     1 ||     1
  Eat: Chunk             |       |     4 |     9 |    24 ||    37
       Ration            |       |     1 |     1 |     3 ||     5
Armor: Scale mail        |    35 |    62 |    11 |       ||   108
       Chain mail        |       |       |   136 |       ||   136
       Ring mail         |       |       |    46 |   251 ||   297
       Skin              |       |       |       |     5 ||     5
       Plate armour      |       |       |       |     7 ||     7
Dodge: Dodged            |    33 |    53 |    84 |   318 ||   488
Block: Shield            |    42 |    85 |   205 |   431 ||   763
       Rpst.: Long sword |     9 |    13 |    30 |    32 ||    84
       Falchion          |       |       |       |    47 ||    47
